 Dungeon Crawl Stone Soup version 0.31-a0-435-g2c6fae2916 (webtiles) character file.

Game seed: 682214449813336930

85 Ethylacetat the Changeling (level 4, -5/43 HPs)
             Began as an Octopode Shapeshifter on Aug 1, 2023.
             Shot with a sling bullet by a hobgoblin (8 damage)
             ... on level 3 of the Dungeon.
             The game lasted 00:02:12 (1613 turns).

Ethylacetat the Changeling (Octopode Shapeshifter)  Turns: 1613, Time: 00:02:12

Health: -5/43      AC:  1    Str: 14    XL:     4   Next: 48%
Magic:  4/4        EV: 13    Int: 10    God:
Gold:   108        SH:  0    Dex: 14    Spells: 3/3 levels left

rFire   . .          .
                       - Unarmed
rCold   . . .        (no shield)
rNeg    . . .        (helmet currently unavailable)
rPois   .            (no amulet)
rElec   .            (no ring)
rCorr   .            (no ring)
SInv    .            (no ring)
Will    .....        (no ring) Stlth
                     (no ring)
HPRegen 0.27/turn    (no ring)
MPRegen 0.09/turn    (no ring)
                     (no ring)

%: no passive effects
@: berserking, beast-form, very quick
A: beast (slay +2), almost no armour, amphibious, 8 rings, camouflage 1,
gelatinous body 1, (nimble swimmer 1), tentacles
a: Begin Untransformation


You were on level 3 of the Dungeon.
You were a hulking beast.
You visited 1 branch of the dungeon, and saw 3 of its levels.

You collected 108 gold pieces.

Inventory:

Jewellery
 k - a ring of protection from fire
Talismans
 b - a beast talisman (active)
 g - a serpent talisman
Scrolls
 j - a scroll of teleportation {unknown}
 m - 2 scrolls of identify {unknown}
 n - 2 scrolls of blinking {unknown}
Potions
 a - 2 potions of lignification
 c - 2 potions of heal wounds {unknown}
 d - a potion of attraction {unknown}
 e - a potion of berserk rage
 f - a potion of invisibility {unknown}
 h - a potion of mutation {unknown}
 i - 2 potions of resistance {unknown}
 l - a potion of might {unknown}
 o - a potion of curing {unknown}


   Skills:
 + Level 2.1 Fighting
 - Level 2.4 Dodging
 + Level 3.6 Unarmed Combat
 * Level 3.6 Shapeshifting


You had 3 spell levels left.
You didn't know any spells.
Your spell library contained the following spells:

 Spells                   Type           Power      Damage    Failure   Level
 Magic Dart               Conj           0%         1d3       36%         1
 Call Imp                 Summ           0%         N/A       50%         2
 Mephitic Cloud           Conj/Pois/Air  0%         N/A       75%         3
 Tukima's Dance           Hex            0%         N/A       75%         3
 Passage of Golubria      Tloc           0%         N/A       98%         4
 Yara's Violent Unravell  Hex/Tmut       0%         3d3       100%        5


Dungeon Overview and Level Annotations

Branches:
Dungeon (3/15)

Altars:


Innate Abilities, Weirdness & Mutations

You are a hulking beast.
Your limbs bulge with bestial killing power. (Slay +2)
You cannot wear most types of armour.
You are amphibious.
You can wear up to eight rings at the same time.
Your skin changes colour to match your surroundings (Stealth+).
Your rubbery body absorbs attacks. (AC +1, EV +1)
((You are camouflaged when in or above water. (Stealth+)))
You have tentacles for arms and can constrict up to eight enemies at once.


Message History

You now have 108 gold pieces (gained 6).
Key pressed, stopping explore.
No target in view!
No target in view!
No target in view!
There is a stone staircase leading down here.
Found a stone staircase leading down.
No target in view!
Key pressed, stopping explore.
No target in view!
No target in view! 2 hobgoblins come into view.
The hobgoblin shouts! x2
The hobgoblin shoots a sling bullet.
The sling bullet hits you.
A kobold comes into view. It is wielding a +0 dagger.
The kobold shouts!
The hobgoblin shoots a sling bullet.
The sling bullet barely misses you.
There are monsters nearby!
You barely miss the hobgoblin. You grab the hobgoblin.
You constrict the hobgoblin.
The hobgoblin shoots a sling bullet.
The sling bullet hits you. The hobgoblin hits you.
You tentacle-slap the hobgoblin. You squeeze the hobgoblin.
You kill the hobgoblin!
The hobgoblin shoots a sling bullet.
The sling bullet hits you!
* * * LOW HITPOINT WARNING * * *
You are too injured to fight recklessly!
You are too injured to fight recklessly!
You are too injured to fight recklessly!
The hobgoblin shoots a sling bullet.
The sling bullet hits you.
* * * LOW HITPOINT WARNING * * *
The kobold throws a stone.
The stone barely misses you.
Okay, then.
It was a potion of berserk rage.
A red film seems to cover your vision as you go berserk!
You feel yourself moving faster!
You feel mighty!
The hobgoblin shoots a sling bullet.
The sling bullet barely misses you.
You are too berserk!
You feel a strong urge to attack something.
The hobgoblin shoots a sling bullet.
The sling bullet hits you!
You die...

#.##. ..
.#########.##########
.## ..
#................# .#
###.#.#####.########.#
.#.# #..........# #
.### ..# #..#########
. ....####.# #..#
.........### #..#
...........###..#
.........h..##..#
........##..##..#
.###g.K.##...#..#
#....###.....# #....#
#.##..# #....# #.##.>#
...... .......#
#..............#
#..............#


You could see a hobgoblin and a kobold.

Vanquished Creatures
  3 adders
  A worm (D:2)
  3 dart slugs
  5 bats
  3 endoplasms (D:2)
  2 giant cockroaches
  3 goblins
  6 hobgoblins
  2 jackals (D:1)
  4 quokkas
  4 ball pythons
  4 frilled lizards
  5 kobolds
  2 rats
47 creatures vanquished.

Notes
Turn   | Place    | Note
-------+----------+-------------------------------------------
     0 | D:1      | Ethylacetat the Octopode Shapeshifter began the quest for
                  | the Orb.
     0 | D:1      | Reached XP level 1. HP: 13/13 MP: 1/1
   148 | D:1      | Reached XP level 2. HP: 15/18 MP: 2/2
   275 | D:1      | Reached XP level 3. HP: 15/23 MP: 3/3
   759 | D:1      | Found a faded altar of an unknown god.
  1269 | D:2      | Reached XP level 4. HP: 27/29 MP: 4/4
  1611 | D:3      | HP: 1/29 [hobgoblin/sling bullet (6)]
  1613 | D:3      | Shot with a sling bullet by a hobgoblin

Illustrated notes

Levels and vault maps discovered:
D:1:      psy_arrival_radial02, layout_loops_cross,
          shapermc_ecumenical_altar_mp_vishouse, minmay_tromino_v2
D:2:      cheibrodos_helix_gallery, layout_basic
D:3:      layout_basic, mainiacjoe_overflow_chevrons, grunt_decor_mini_mirrors

Skill      XL: |  1  2  3  4 |
---------------+-------------+-----
Fighting       | 2 |  2.1
Dodging        | |  2.4
Unarmed Combat | |  3.6
Shapeshifting  | |  3.6

Action                     |  1- 3 |  4- 6 || total
---------------------------+-------+-------++-------
  Melee: Unarmed           |    57 |    18 ||    75
         Constrict         |    17 |     6 ||    23
         Punch             |     2 |     1 ||     3
         Tentacles         |    13 |     7 ||    20
    Use: Potion            |       |     1 ||     1
   Stab: Sleeping          |    11 |     2 ||    13
 Armour: Skin              |     6 |     1 ||     7
  Dodge: Dodged            |    27 |    11 ||    38

Table legend: (Time is in decaauts)
 A = Elapsed time spent in this place.
 B = Non-inter-level travel time spent in this place.
 C = Inter-level travel time spent in this place.
 D = Time resting spent in this place.
 E = Time spent auto-exploring this place.
 F = Levels seen in this place.
 G = Mean time per level.
                   A        B        C        D        E       F      G
               +--------+--------+--------+--------+--------+-----+--------+
         Total |   1608 |   1502 |    106 |      0 |   1246 |   3 |  536.0 |
       Dungeon |   1608 |   1502 |    106 |      0 |   1246 |   3 |  536.0 |
               +--------+--------+--------+--------+--------+-----+--------+

Top non-repeatable levels by time:
     D:1: 884 daAuts
     D:2: 540 daAuts
     D:3: 184 daAuts
